AoeStats
← Jpaca98

Arena

509663180Analyzed
4v4 RM · 4d ago on Sep 27, 2026· 55m 12s· 8 players
Game mode
Random Map
Map size
Large (8 player)
Population
200
Speed
Normal
Resources
Standard
Victory
Conquest
Starting age
Dark Age
Ending age
Imperial Age
RankedLock teamsTeams togetherTeam positionsShared explorationLock speedFull tech treeHidden civsTurbo modeCheats
Victory
Defeat
🇮🇹 Japanese · Italy
897
+12
🇦🇷 Lithuanians · Argentina
771
+17
🇨🇴 Franks · Colombia
701
+20
🇨🇴 Khmer · Colombia
676
+22
🇨🇳 Goths · China
824
-19
🇨🇳 Khmer · China
806
-18
🇨🇳 Franks · China
788
-17
🇨🇳 Burgundians · China
772
-17
Deyns1020
12:33 Feudal Age
17:44 Castle Age
16:11 Double-Bit Axe
16:43 Gold Mining
19:59 Gold Shaft Mining
20:32 Scale Barding Armor
21:53 Forging
23:52 Bow Saw
24:51 Husbandry
26:26 Wheelbarrow
30:16 Imperial Age
32:53 Chemistry
31:35 Treadmill Crane
32:42 Chain Barding Armor
35:09 Conscription
35:13 Hand Cart
35:42 Ballistics
36:02 Plate Barding Armor
35:37 Town Watch
36:34 Cavalier
39:00 Paladin
41:09 Caravan
41:57 Town Patrol
41:25 Pikeman
42:06 Squires
42:52 Chivalry
44:14 Iron Casting
45:56 Blast Furnace
46:43 Halberdier
47:35 Scale Mail Armor
50:01 Chain Mail Armor
maalrugu
11:03 Feudal Age
9:21 Loom
12:07 Horse Collar
15:01 Castle Age
21:53 Scale Mail Armor
29:57 Double-Bit Axe
30:14 Heavy Plow
30:43 Chain Mail Armor
31:01 Forging
32:44 Wheelbarrow
34:17 Iron Casting
33:36 Fletching
39:21 Imperial Age
37:23 Bow Saw
40:44 Elite Samurai
42:20 Plate Mail Armor
43:01 Blast Furnace
43:38 Kataparuto
43:39 Conscription
43:55 Hoardings
46:28 Hand Cart
49:59 Town Watch
Moloxy
12:19 Feudal Age
18:04 Castle Age
19:18 Bloodlines
19:09 Husbandry
18:30 Light Cavalry
21:44 Town Watch
31:00 Imperial Age
31:40 Double-Bit Axe
32:16 Town Patrol
32:52 Wheelbarrow
32:50 Ballistics
34:05 Chemistry
34:11 Conscription
34:37 Gold Mining
34:38 Stone Mining
34:33 Horse Collar
35:32 Caravan
36:15 Double Crossbow
37:23 Redemption
37:12 Murder Holes
37:29 Elite Ballista Elephant
39:16 Onager
43:18 Tusk Swords
Jpaca98
0:45 Loom
14:02 Feudal Age
14:25 Horse Collar
14:43 Gold Mining
14:41 Double-Bit Axe
21:28 Castle Age
20:14 Bloodlines
25:37 Stone Mining
41:54 Scale Barding Armor
48:10 Chain Barding Armor
48:01 Forging
54:15 Iron Casting
纸片纸片
11:24 Feudal Age
10:59 Loom
16:42 Castle Age
14:55 Horse Collar
15:39 Double-Bit Axe
17:55 Bow Saw
18:53 Town Watch
22:08 Man-at-Arms
40:07 Gold Mining
40:07 Stone Mining
42:50 Stone Shaft Mining
54:08 Imperial Age
52:15 Wheelbarrow
劲爆菇一身是胆
13:02 Feudal Age
13:28 Double-Bit Axe
13:24 Horse Collar
13:51 Gold Mining
13:51 Stone Mining
14:53 Wheelbarrow
19:57 Castle Age
20:21 Bloodlines
20:38 Heavy Plow
20:42 Husbandry
20:03 Light Cavalry
21:41 Gold Shaft Mining
21:41 Forging
26:13 Iron Casting
26:32 Hand Cart
28:36 Stone Shaft Mining
28:55 Bow Saw
31:05 Scale Barding Armor
35:08 Imperial Age
33:01 Chain Barding Armor
33:14 Coinage
32:56 Fortified Wall
35:09 Elite Ballista Elephant
35:50 Double Crossbow
36:11 Conscription
36:48 Crop Rotation
37:25 Tusk Swords
37:10 Cavalier
39:36 Chemistry
39:39 Blast Furnace
39:15 Plate Barding Armor
40:16 Masonry
45:04 Pikeman
45:29 Arson
48:40 Hussar
51:53 Caravan
52:23 Banking
神医喜来乐
0:27 Loom
12:16 Feudal Age
11:08 Horse Collar
12:05 Double-Bit Axe
13:14 Heavy Plow
13:26 Bow Saw
20:12 Castle Age
20:26 Wheelbarrow
20:11 Gold Mining
20:11 Stone Mining
26:56 Imperial Age
25:50 Hand Cart
27:35 Forging
27:31 Scale Barding Armor
28:14 Conscription
31:15 Fortified Wall
31:16 Masonry
31:54 Elite Coustillier
33:48 Iron Casting
33:33 Chain Barding Armor
34:50 Architecture
34:56 Architecture
34:29 Murder Holes
36:56 Blast Furnace
36:16 Chain Barding Armor
37:33 Chain Barding Armor
46:16 Plate Barding Armor
46:47 Caravan
49:01 Husbandry
53:09 Flemish Revolution
53:45 Scale Mail Armor
54:52 Chain Mail Armor
帝道
12:07 Feudal Age
13:45 Double-Bit Axe
16:28 Castle Age
16:27 Gold Mining
18:19 Forging
19:14 Gold Shaft Mining
19:28 Forging
29:08 Imperial Age
29:37 Wheelbarrow
31:27 Bow Saw
32:20 Chivalry
32:51 Conscription
34:25 Ordonnance Companies
39:34 Husbandry
38:58 Cavalier
40:16 Caravan
39:56 Paladin
42:33 Iron Casting
42:04 Scale Barding Armor
42:21 Hand Cart
Connection lost

Rejoining the realm…

Still unreachable

The connection could not be restored.

Session expired

The server has moved on; the page needs a fresh start.